 Dungeon Crawl Stone Soup version 0.24-a0-41-gf098211c9e (webtiles) character file.

Game seed: 9637572596988287629

261 Naru the Skirmisher (level 6, -3/56 HPs)
             Began as a Hill Orc Monk on Feb 3, 2019.
             Was a Believer of Beogh.
             Slain by an ogre
             ... wielding a +0 giant spiked club
              (23 damage)
             ... on level 4 of the Dungeon.
             The game lasted 00:11:31 (3765 turns).

Naru the Skirmisher (Hill Orc Monk)                 Turns: 3765, Time: 00:11:32

Health: -3/56      AC: 10    Str: 16    XL:     6   Next: 18%
Magic:  6/6        EV:  7    Int: 10    God:    Beogh [**....]
Gold:   165        SH:  0    Dex: 13    Spells: 5/5 levels left

rFire    . . .     SeeInvis .   a - +4 whip
rCold    . . .     Gourm    .   (no shield)
rNeg     . . .     Faith    .   w - +0 chain mail
rPois    .         Spirit   .   j - +0 helmet
rElec    .         Reflect  .   (no cloak)
rCorr    .         Harm     .   y - +0 pair of gloves
MR       .....                  (no boots)
Stlth    ..........             (no amulet)
HPRegen  0.18/turn              (no ring)
MPRegen  0.10/turn              (no ring)

@: no status effects
A: no striking features
a: Smiting, Renounce Religion


You were on level 4 of the Dungeon.
You worshipped Beogh.
Beogh was pleased with you.
You were not hungry.

You visited 1 branch of the dungeon, and saw 4 of its levels.

You collected 165 gold pieces.

Inventory:

Hand Weapons
 a - a +4 whip (weapon)
 b - a +0 hunting sling
Missiles
 e - 97 stones (quivered)
 k - 34 bolts
 l - 19 poisoned needles
 s - 38 sling bullets
Armour
 j - a +0 helmet (worn)
 w - a +0 chain mail (worn)
 y - a +0 pair of gloves (worn)
Jewellery
 x - an uncursed ring of protection from fire {unknown}
Wands
 r - a wand of random effects (24)
Scrolls
 g - 2 scrolls of identify
 h - a scroll of immolation {unknown}
 i - a scroll of remove curse {unknown}
 m - a scroll of fog {unknown}
 n - 4 scrolls of blinking {unknown}
 t - 2 scrolls of fear {unknown}
 v - 3 scrolls of enchant weapon {unknown}
Potions
 d - a potion of ambrosia
 f - 3 potions of degeneration {unknown}
 o - 3 potions of curing {unknown}
 p - a potion of brilliance {unknown}
 q - a potion of might {unknown}
 u - a potion of agility {unknown}
Comestibles
 c - 3 rations
 z - 3 chunks of flesh


   Skills:
 + Level 5.0 Fighting
 * Level 5.0 Maces & Flails
   Level 3.4 Polearms
 + Level 1.8 Armour
 - Level 2.4 Dodging
 - Level 1.5 Stealth


You had 5 spell levels left.
You didn't know any spells.
Your spell library was empty.

Dungeon Overview and Level Annotations

Branches:
Dungeon (4/15)
 Temple: D:4-7

Altars:
Dithmenos
Elyvilon
Fedhas
Hepliaklqana
Kikubaaqudgha
Makhleb
Okawaru
Qazlal
Ru
Xom
Yredelemnul


Message History

The ogre hits you with a +0 giant spiked club.
* * * LOW HITPOINT WARNING * * *
You hit the ogre.
The ogre is moderately wounded.
You hit the ogre.
The ogre is heavily wounded.
The ogre hits you with a +0 giant spiked club!
* * * LOW HITPOINT WARNING * * *
You bump into the rock wall.
The ogre completely misses you.
You bump into the rock wall.
You hit the ogre.
The ogre is severely wounded.
The ogre hits you with a +0 giant spiked club!
* * * LOW HITPOINT WARNING * * *
You hit the ogre.
The ogre is severely wounded.
You feel less invigorated.
You feel less confused.
The ogre hits you with a +0 giant spiked club!!
You die...

###### ##≈≈≈≈### ...
..≈≈≈≈≈≈#########≈≈≈
##≈≈≈≈≈≈≈≈≈...≈≈≈≈≈≈
#.≈≈≈≈≈≈≈≈≈≈≈≈≈≈≈≈≈≈
..≈≈≈≈≈≈≈≈≈≈≈≈≈≈≈≈ # #
#.#≈≈≈≈≈≈≈≈≈≈≈≈≈#
....#.##.....≈≈≈≈≈≈≈#
.#
#.....@O#.#......#.##.#
##.#.####.######.# ....
.. ..# #.###... #. ....
#......# .. .....
##....## .# #......
#....## #.....$ #......
#....## #..#.#


You could see an ogre.

Vanquished Creatures
  A hound (D:3)
  An orc wizard (D:4)
  6 adders
  4 gnolls (D:3)
  An ooze (D:4)
  An adder skeleton (D:3)
  3 dart slugs
  2 leopard geckos (D:3)
  7 orcs
  3 ball pythons (D:1)
  3 giant cockroaches
  13 goblins
  8 hobgoblins
  2 jackals (D:3)
  3 quokkas
  9 bats
  3 frilled lizards
  9 kobolds
  9 rats
88 creatures vanquished.

Vanquished Creatures (others)
  An orc priest (D:4)
  2 orcs (D:4)
3 creatures vanquished.

Grand Total: 91 creatures vanquished

Notes
Turn   | Place    | Note
-------+----------+-------------------------------------------
     0 | D:1      | Naru the Hill Orc Monk began the quest for the Orb.
     0 | D:1      | Reached XP level 1. HP: 19/19 MP: 1/1
   257 | D:1      | Reached XP level 2. HP: 27/27 MP: 2/2
   471 | D:1      | Reached skill level 1 in Maces & Flails
   670 | D:1      | Reached XP level 3. HP: 34/34 MP: 3/3
  1248 | D:2      | Found a basalt altar of Yredelemnul.
  1335 | D:2      | Found a sacrificial altar of Ru.
  1435 | D:2      | Found an iron altar of Okawaru.
  1541 | D:2      | Found a shimmering altar of Xom.
  1580 | D:2      | Found a stormy altar of Qazlal.
  1633 | D:2      | Found a white marble altar of Elyvilon.
  1634 | D:2      | Found an ancient bone altar of Kikubaaqudgha.
  1634 | D:2      | Found a blossoming altar of Fedhas.
  1782 | D:2      | Reached XP level 4. HP: 40/41 MP: 4/4
  2087 | D:3      | Found a hazy altar of Hepliaklqana.
  2440 | D:3      | Found a faded altar of an unknown god.
  2512 | D:3      | Reached XP level 5. HP: 46/47 MP: 5/5
  2546 | D:3      | Reached skill level 1 in Armour
  2561 | D:3      | Reached skill level 5 in Fighting
  3032 | D:3      | Found a shadowy altar of Dithmenos.
  3394 | D:4      | Noticed an ogre
  3441 | D:4      | Reached XP level 6. HP: 54/56 MP: 6/6
  3567 | D:4      | Found a burning altar of Makhleb.
  3705 | D:4      | Became a worshipper of Beogh the Brigand
  3705 | D:4      | Reached * piety under Beogh
  3705 | D:4      | Reached ** piety under Beogh
  3724 | D:4      | Reached skill level 5 in Maces & Flails
  3765 | D:4      | Slain by an ogre

Vault maps used:
D:1:      tarquinn_simple_flora_water_d, minmay_misc_feat_rows
D:2:      marbit_many_paths, xom_teletrap_fun, okawaru_gym_becter,
          lemuel_doored_altar, nicolae_ru_the_path_less_chosen,
          gammafunk_temple_overflow_claw
D:3:      grunt_dithmenos_smoke_and_mirrors, nicolae_overflow_crystal_walls,
          chequers_ecumenical_altar_simple_redux, minmay_close_crescents
D:4:      wander_river, kennysheep_mini_moat, nicolae_overflow_hidden_temple,
          serial_shops, shop, shop, nicolae_shop_behind_doors

Skill      XL: |  1  2  3  4  5  6 |
---------------+-------------------+-----
Fighting       | 4 5 |  5.0
Maces & Flails | 1 2 3 4 5 |  5.0
Armour         | 1 |  1.8
Polearms       | |  3.4
Dodging        | |  2.4
Stealth        | |  1.5

Action                   |  1- 3 |  4- 6 || total
-------------------------+-------+-------++-------
Melee: Spear             |    12 |       ||    12
       Whip              |    98 |   151 ||   249
Invok: Convert to Beogh  |       |     1 ||     1
  Use: Scroll            |       |     1 ||     1
       Potion            |       |     1 ||     1
  Eat: Chunk             |     3 |     6 ||     9
Armor: Robe              |    11 |       ||    11
       Ring mail         |    25 |    16 ||    41
       Skin              |     1 |       ||     1
       Chain mail        |       |    59 ||    59
Dodge: Dodged            |    75 |    63 ||   138

Table legend:
 A = Non-vault XP
 B = Vault XP
 C = Vault XP percentage of total XP
 D = Non-vault monster count
 E = Vault monster count
 F = Vault count percentage of total count
                 A         B        C        D         E       F
            +---------+---------+-------+---------+---------+-------
      Total |     360 |      14 |   3.7 |      81 |       7 |   8.0
            +---------+---------+-------+---------+---------+-------
        D:1 |      54 |       0 |   0.0 |      30 |       0 |   0.0
        D:2 |      35 |       2 |   5.4 |      13 |       1 |   7.1
        D:3 |     181 |      12 |   6.2 |      28 |       6 |  17.6
        D:4 |      90 |       0 |   0.0 |      10 |       0 |   0.0
            +---------+---------+-------+---------+---------+-------
